 Dungeon Sprint DCSS version 0.17-a0-1719-g1afd5a1 (webtiles) character file.

97452 patman the Evocator (level 15, -16/105 HPs)
             Began as a Gargoyle Berserker on Aug 27, 2015.
             Was a High Priest of Trog.
             Demolished by a vampire knight
             ... wielding a +2 great mace of distortion
              (19 damage)
             ... in the Dungeon (Sprint III: "The Ten Rune Challenge").
             The game lasted 00:45:33 (10005 turns).

patman the Evocator (Gargoyle Berserker)           Turns: 10005, Time: 00:45:33

Health: -16/105    AC: 38    Str: 21    XL:     15   Next: 29%
Magic:  10/10      EV: 15    Int:  9    God:    Trog [*****.]
Gold:   225        SH:  0    Dex: 14    Spells: 0 memorised, 14 levels left

rFire  . . .     SeeInvis .     a - +7 great mace (antimagic)
rCold  + . .     Clarity  .     y - +3 chain mail {rC+}
rNeg   + . .     SustAt   .     (no shield)
rPois  ∞         Gourm    .     t - +2 hat
rElec  +         Spirit   .     G - +2 cloak
rCorr  .         Warding  .     (no gloves)
rMut   .         NoTele   +     Q - +2 pair of boots {Fly}
MR     +....                    (no amulet)
Stlth  ..........               (no ring)
                                (no ring)

@: flying, studying 3 skills, somewhat resistant to hostile enchantments,
extremely unstealthy
A: big wings, negative energy resistance 1, electricity resistance, unbreathing,
petrification resistance, rot immunity, AC +11
a: Stop Flying, Burn Spellbooks, Berserk, Trog's Hand, Brothers in Arms,
Renounce Religion
}: 2/10 runes: decaying, serpentine


You were in the Dungeon.
You worshipped Trog.
Trog was extremely pleased with you.
You were not hungry.

You visited 1 branch You collected 1648 gold pieces.
You spent 1423 gold pieces at shops.

Inventory:

Hand weapons
 a - a +7 antimagic great mace (weapon)
 b - a +8 great mace of protection
 e - a +5 eveningstar of holy wrath
 p - a +0 mace
 s - the +11 battleaxe "Suablegg" {elec, Dex+3}
   (Trog gifted it to you in the Dungeon)

   Occasionally, upon striking a foe, it will discharge some electrical energy
   and cause terrible harm.
   It affects your dexterity (+3).
Armour
 t - a +2 hat (worn)
 y - a +3 chain mail of cold resistance (worn)
 G - a +2 cloak (worn)
 Q - a +2 pair of boots of flying (worn)
Rods
 c - a +1 rod of clouds (6/11)
   (You bought it in a shop in the Dungeon)
Magical devices
 o - a wand of magic darts (15)
 D - a wand of fireball (8)
 F - a wand of fire (4)
 L - a wand of confusion (31)
Scrolls
 i - a scroll of blinking
 j - 4 scrolls of silence {unknown}
 n - a scroll of amnesia {unknown}
 u - 3 scrolls of magic mapping
 z - a scroll of fear
 A - 2 scrolls of remove curse
 C - a scroll of immolation
 E - 3 scrolls of identify
 H - a scroll of acquirement
 I - 2 scrolls of torment
Potions
 d - 3 potions of curing
 f - a potion of haste
 g - 2 potions of magic
 h - a potion of berserk rage
 v - a potion of degeneration
 w - a potion of agility
 x - 2 potions of mutation
 K - a potion of might
Books
 k - a Fen Folio

   Spells                             Type                      Level
   a - Corpse Rot                     Necromancy                   2
   b - Stone Arrow                    Conjuration/Earth            3
   c - Leda's Liquefaction            Hexes/Earth                  4
   d - Summon Forest                  Summoning/Translocation      5
   e - Hydra Form                     Transmutation                6
   f - Summon Hydra                   Summoning                    7
   Trog disapproves of the use of such an item.
 m - a book of Hinderance

   Spells                             Type                      Level
   a - Confusing Touch                Hexes                        2
   b - Confuse                        Hexes                        3
   c - Gell's Gravitas                Hexes/Translocation          3
   d - Petrify                        Transmutation/Earth          4
   e - Metabolic Englaciation         Hexes/Ice                    5
   Trog disapproves of the use of such an item.
 M - a manual of Axes
 N - a manual of
Armour
 O - the Compendium of the Compass
   (You found it in the Dungeon)

   Spells                             Type                      Level
   a - Shroud of Golubria             Charms/Translocation         2
   b - Recall                         Summoning/Translocation      3
   c - Force Lance                    Conjuration/Translocation    4
   d - Warp Weapon                    Charms/Translocation         5
   Trog disapproves of the use of such an item.
 P - a book of Necromancy

   Spells                             Type                      Level
   a - Pain                           Necromancy                   1
   b - Animate Skeleton               Necromancy                   1
   c - Vampiric Draining              Necromancy                   3
   d - Regeneration                   Charms/Necromancy            3
   e - Animate Dead                   Necromancy                   4
   f - Control Undead                 Necromancy                   4
   Trog disapproves of the use of such an item.
 S - a Grand Grimoire

   Spells                             Type                      Level
   a - Monstrous Menagerie            Summoning                    6
   b - Summon Greater Demon           Summoning                    7
   c - Malign Gateway                 Summoning/Translocation      7
   d - Summon Horrible Things         Summoning                    8
   Trog disapproves of the use of such an item.
 T - a manual of Long Blades
Miscellaneous
 q - a fan of gales
 B - a phial of floods
 J - a lamp of fire
 R - a stone of tremors
Comestibles
 l - 10 royal jellies
 r - 10 fruits


   Skills:
 - Level 16.4 Fighting
 - Level 20.1 Maces & Flails
 - Level 18.3 Armour
 - Level 12.8 Dodging
 * Level 22.4 Evocations


You had 14 spell levels left.
You didn't know any spells.

Dungeon Overview and Level Annotations

Branches:
Dungeon (1/1)

Altars:
Cheibriados
Dithmenos
Elyvilon
Fedhas
Gozag
Kikubaaqudgha
Makhleb
Nemelex Xobeh
Okawaru
Qazlal
Ru
Sif Muna
Trog
Vehumet
Xom
Yredelemnul
Zin
The Shining One
Jiyva
Lugonu

Shops:
D }![=%[?}[%[(=}}%[[?:[!*

Annotations:
D exclusions: door and 4 statues, Mara


Innate Abilities, Weirdness & Mutations

You are resistant to torment.
Your stone body is resilient (AC +11).
You are immune to poison.
Your large and strong wings let you fly indefinitely.
You resist negative energy.
You are resistant to electric shocks.
You can survive without breathing.
You are immune to petrification.
You are immune to rotting.


Message History

You bludgeon the vampire knight!!
The vampire knight's magic leaks into the air.
The vampire knight is almost destroyed.
Mara gestures.
Mara blinks!
The vampire knight hits you but does no damage.
Space bends around you.
* * * LOW HITPOINT WARNING * * *
The vampire knight bites you but does no damage.
Mara misses you.
You barely miss the vampire knight.
The vampire knight is almost destroyed.
Unknown command.
You thump the vampire knight!
The vampire knight's magic leaks into the air.
The vampire knight is almost destroyed.
The vampire knight hits you with a great mace of distortion!!
* * * LOW HITPOINT WARNING * * *
Space warps horribly around you!
You die...

#################§#......#*******
.......##.#.#.#.#........#,*,*,*,
.†.....##................#+*+*+*+
#########................#,,,,,,,
###########[##############,,,,,,,
.≈8#...###...##,*≈§≈≈≈≈##*+*+*+*+
..≈#...##.....##+*.≈§P§#.*,*,*,*,
...#+###.......###@§§P§#.*+******
...(.[)'......RR@V§§§§§..*,,*,,,,
..(#+###......§#####§P§#.*,,*,,,,
.((#≈≈≈##.....##,,,**,§#.*,,*,,**
(≈8#'#'###...##*,*,,**+*#*,,*,,*,
####.#.# ##+##**,**,**,,,*,,*,,*,
,,,#'#####,≈≈≈+*,**,****,*,,*,,*,
**,#..'∩∩#,≈≈,*,,**,,,,,,*,,*,,*,
**,####∩∩#,≈≈,*******+****,,*,,*+
*,,,**#..#,,≈,*,,+≈⌠,,,≈,*,,*,,*,


You could see 2 Maras, a vampire knight and patman's illusion.

Vanquished Creatures
  Mennas (D)
  Boris (D)
  Sigmund (D)
  Rupert (D)
  A deep elf master archer (D)
  4 azure jellies (D)
  A greater naga (D)
  Maud (D)
  2 deep elf annihilators (D)
  Azrael (D)
  A deep elf demonologist (D)
  A deep elf death mage (D)
  3 fire dragons (D)
  Josephine (D)
  2 yaktaur captains (D)
  A deep elf high priest (D)
  4 anacondas (D)
  A naga warrior (D)
  A centaur warrior (D)
  2 hydras (D)
  4 death yaks (D)
  A deep elf knight (D)
  A death drake (D)
  A skeletal warrior (D)
  An unseen horror (D)
  An anaconda zombie (D)
  A spriggan druid (D)
  A deep elf summoner (D)
  A lindwurm (D)
  2 spectral iron dragons (D)
  An orc knight (D)
  3 deep elf conjurers (D)
  2 oklob plants (D)
  3 crystal guardians (D)
  9 black mambas (D)
  A guardian serpent (D)
  A stone giant skeleton (D)
  4 statues (D)
  A molten gargoyle (D)
  An orange crystal statue (D)
  A komodo dragon (D)
  2 spiny frogs (D)
  2 yaktaurs (D)
  A queen bee (D)
  A fire drake (D)
  2 deep elf priests (D)
  4 spriggan defenders (D)
  An orc high priest (D)
  5 blink frogs (D)
  3 wandering mushrooms (D)
  2 spriggans (D)
  3 redbacks (D)
  A shadow (D)
  2 nagas (D)
  3 water moccasins (D)
  A swamp drake (D)
  3 hydra simulacra (D)
  2 orc warriors (D)
  A black mamba simulacrum (D)
  2 fire dragon simulacra (D)
  2 centaurs (D)
  A necrophage (D)
  An earth elemental (D)
  2 brain worms (D)
  A water elemental (D)
  32 killer bees (D)
  An electric eel (D)
  A jelly (D)
  A wizard (D)
  An orc wizard (D)
  7 orc priests (D)
  A necromancer (D)
  3 humans (D)
  A kobold demonologist (D)
  6 adders (D)
  2 oozes (D)
  A phantom (D)
  10 orcs (D)
  2 rats (D)
  3 plants (D)
192 creatures vanquished.

Vanquished Creatures (collateral kills)
  Xtahua (D)
  Gastronok (D)
  2 dire elephants (D)
  A crystal guardian (D)
  2 elephants (D)
  Edmund (D)
  3 blink frogs (D)
  An iron troll simulacrum (D)
12 creatures vanquished.

Vanquished Creatures (others)
  2 draconian scorchers (D)
  A hydra (D)
  2 fire drakes (D)
  3 yaktaurs (D)
  A giant eyeball (D)
  11 plants (D)
20 creatures vanquished.

Grand Total: 224 creatures vanquished

Notes
Turn   | Place    | Note
--------------------------------------------------------------
     0 | D        | patman the Gargoyle Berserker began the quest for the Orb.
     0 | D        | Reached XP level 1. HP: 14/14 MP: 1/1
     3 | D        | Reached skill level 4 in Maces & Flails
     7 | D        | Acquired Trog's second power
     7 | D        | Reached skill level 5 in Maces & Flails
     7 | D        | Reached XP level 2. HP: 19/19 MP: 2/2
    56 | D        | Reached skill level 6 in Maces & Flails
    56 | D        | Reached XP level 3. HP: 23/23 MP: 3/3
    60 | D        | Killed a yaktaur
    92 | D        | Killed a yaktaur
    95 | D        | Killed a fire drake
   143 | D        | Killed a white draconian scorcher
   220 | D        | Killed a white draconian scorcher
   226 | D        | Killed a fire drake
   259 | D        | Noticed a water elemental
   264 | D        | Killed a water elemental
   264 | D        | Reached skill level 9 in Maces & Flails
   264 | D        | Reached XP level 4. HP: 28/28 MP: 4/4
   315 | D        | Killed an eight-headed hydra
   316 | D        | Found a radiant altar of Vehumet.
   316 | D        | Found a deep blue altar of Sif Muna.
   316 | D        | Found an ancient bone altar of Kikubaaqudgha.
   316 | D        | Noticed a wizard
   323 | D        | Killed a wizard
   323 | D        | Reached skill level 5 in Fighting
   323 | D        | Reached XP level 5. HP: 35/35 MP: 5/5
   361 | D        | Found a glowing silver altar of Zin.
   361 | D        | Found a glowing golden altar of the Shining One.
   361 | D        | Found a white marble altar of Elyvilon.
   362 | D        | Noticed a deep elf priest
   372 | D        | Killed a deep elf priest
   372 | D        | Acquired Trog's third power
   372 | D        | Reached XP level 6. HP: 8/45 MP: 6/6
   626 | D        | Found an iron altar of Okawaru.
   626 | D        | Found a bloodstained altar of Trog.
   626 | D        | Noticed a human
   627 | D        | Noticed a human
   633 | D        | Killed a human
   633 | D        | Reached skill level 10 in Maces & Flails
   633 | D        | Reached XP level 7. HP: 50/50 MP: 7/7
   638 | D        | Killed a human
   638 | D        | Reached skill level 11 in Maces & Flails
   690 | D        | Found a basalt altar of Yredelemnul.
   690 | D        | Found a snail-covered altar of Cheibriados.
   690 | D        | Found a blossoming altar of Fedhas.
   690 | D        | Noticed a necrophage
   690 | D        | Noticed a necromancer
   697 | D        | Killed a necrophage
   697 | D        | Reached skill level 12 in Maces & Flails
   700 | D        | Killed a necromancer
   820 | D        | Noticed a jelly
   821 | D        | Noticed a shadow
   826 | D        | Killed a jelly
   829 | D        | Killed a shadow
   829 | D        | Reached skill level 13 in Maces & Flails
   829 | D        | Reached XP level 8. HP: 56/56 MP: 8/8
   848 | D        | Found a stormy altar of Qazlal.
   848 | D        | Noticed a spatial vortex
   849 | D        | Found a sacrificial altar of Ru.
   849 | D        | Found a burning altar of Makhleb.
   849 | D        | Found a viscous altar of Jiyva.
   849 | D        | Found a shimmering altar of Xom.
   849 | D        | Found a shadowy altar of Dithmenos.
   849 | D        | Found a sparkling altar of Nemelex Xobeh.
   849 | D        | Found a corrupted altar of Lugonu.
   849 | D        | Found an opulent altar of Gozag.
   866 | D        | Noticed Josephine
   877 | D        | Killed Josephine
   877 | D        | Reached skill level 15 in Maces & Flails
   877 | D        | Reached XP level 9. HP: 60/60 MP: 9/9
   915 | D        | Noticed an earth elemental
   945 | D        | Killed an earth elemental
  1145 | D        | Noticed a centaur
  1145 | D        | Noticed a centaur warrior
  1145 | D        | Noticed a centaur
  1151 | D        | Killed a centaur warrior
  1151 | D        | Received a gift from Trog
  1151 | D        | Reached skill level 10 in Fighting
  1154 | D        | Killed a centaur
  1156 | D        | Killed a centaur
  1442 | D        | Killed an unseen horror
  1442 | D        | Reached skill level 16 in Maces & Flails
  1627 | D        | Noticed a killer bee
  1627 | D        | Noticed a killer bee
  1627 | D        | Noticed a killer bee
  1627 | D        | Noticed a killer bee
  1627 | D        | Noticed a killer bee
  1627 | D        | Noticed a killer bee
  1627 | D        | Noticed a killer bee
  1627 | D        | Noticed a killer bee
  1627 | D        | Noticed a killer bee
  1627 | D        | Noticed a killer bee
  1627 | D        | Noticed a killer bee
  1627 | D        | Noticed a killer bee
  1627 | D        | Noticed a killer bee
  1627 | D        | Noticed a killer bee
  1627 | D        | Noticed a killer bee
  1628 | D        | Noticed a killer bee
  1628 | D        | Noticed a killer bee
  1628 | D        | Noticed a killer bee
  1628 | D        | Noticed a killer bee
  1629 | D        | Noticed a killer bee
  1630 | D        | Killed a killer bee
  1631 | D        | Noticed a queen bee
  1631 | D        | Noticed a killer bee
  1631 | D        | Noticed a killer bee
  1632 | D        | Noticed a killer bee
  1633 | D        | Noticed a killer bee
  1634 | D        | Noticed a killer bee
  1634 | D        | Noticed a killer bee
  1635 | D        | Noticed a killer bee
  1635 | D        | Killed a killer bee
  1637 | D        | Noticed a killer bee
  1640 | D        | Killed a killer bee
  1641 | D        | Killed a killer bee
  1641 | D        | Reached XP level 10. HP: 47/70 MP: 3/10
  1644 | D        | Killed a killer bee
  1644 | D        | Reached skill level 17 in Maces & Flails
  1647 | D        | Killed a killer bee
  1650 | D        | Killed a killer bee
  1651 | D        | Killed a killer bee
  1656 | D        | Killed a killer bee
  1657 | D        | Killed a killer bee
  1660 | D        | Killed a killer bee
  1666 | D        | Killed a killer bee
  1668 | D        | Noticed a killer bee
  1669 | D        | Killed a killer bee
  1669 | D        | Received a gift from Trog
  1672 | D        | Killed a killer bee
  1673 | D        | Killed a killer bee
  1677 | D        | Killed a killer bee
  1678 | D        | Noticed a killer bee
  1682 | D        | Noticed a killer bee
  1687 | D        | Killed a killer bee
  1690 | D        | Killed a queen bee
  1690 | D        | Reached skill level 18 in Maces & Flails
  1693 | D        | Killed a killer bee
  1696 | D        | Killed a killer bee
  1696 | D        | Received a gift from Trog
  1701 | D        | Killed a killer bee
  1705 | D        | Noticed a killer bee
  1709 | D        | Killed a killer bee
  1710 | D        | Killed a killer bee
  1712 | D        | Killed a killer bee
  1716 | D        | Killed a killer bee
  1716 | D        | Received a gift from Trog
  1721 | D        | Killed a killer bee
  1723 | D        | Killed a killer bee
  1728 | D        | Killed a killer bee
  1730 | D        | Killed a killer bee
  1742 | D        | Killed a killer bee
  1745 | D        | Killed a killer bee
  1750 | D        | Killed a killer bee
  1750 | D        | Received a gift from Trog
  1752 | D        | Killed a killer bee
  1997 | D        | Noticed an orc priest
  1998 | D        | Noticed an orc priest
  1998 | D        | Noticed an orc warrior
  1999 | D        | Noticed an orc warrior
  2011 | D        | Killed an orc priest
  2014 | D        | Killed an orc warrior
  2015 | D        | Noticed an orc wizard
  2018 | D        | Killed an orc warrior
  2019 | D        | Killed an orc priest
  2019 | D        | Received a gift from Trog
  2027 | D        | Killed an orc wizard
  2028 | D        | Noticed an orc priest
  2031 | D        | Noticed an orc knight
  2033 | D        | Killed an orc priest
  2033 | D        | Reached skill level 19 in Maces & Flails
  2047 | D        | Killed an orc knight
  2054 | D        | Noticed an orc priest
  2061 | D        | Killed an orc priest
  2061 | D        | Received a gift from Trog
  2064 | D        | Got a twisted battleaxe {god gift}
  2078 | D        | Found Gidotsaw's Magic Scroll Shop.
  2082 | D        | Received a gift from Trog
  2118 | D        | Bought a scroll of identify for 24 gold pieces
  2118 | D        | Identified the +11 battleaxe "Suablegg" {elec, Dex+3} (Trog gifted it to you in the Dungeon)
  2126 | D        | Noticed a deep elf priest
  2126 | D        | Noticed a deep elf conjurer
  2126 | D        | Noticed a deep elf conjurer
  2126 | D        | Noticed a deep elf summoner
  2126 | D        | Noticed a deep elf knight
  2143 | D        | Killed a deep elf knight
  2143 | D        | Received a gift from Trog
  2150 | D        | Killed a deep elf conjurer
  2150 | D        | Received a gift from Trog
  2150 | D        | Reached skill level 20 in Maces & Flails
  2150 | D        | Reached XP level 11. HP: 45/74 MP: 11/11
  2154 | D        | Killed a deep elf priest
  2154 | D        | Received a gift from Trog
  2163 | D        | Killed a deep elf summoner
  2168 | D        | HP: 2/74 [deep elf conjurer/bolt of cold (24)]
  2179 | D        | Killed a deep elf conjurer
  2344 | D        | Noticed a deep elf conjurer
  2345 | D        | Noticed a deep elf annihilator
  2346 | D        | Noticed a deep elf death mage
  2346 | D        | Noticed a deep elf high priest
  2498 | D        | Noticed a wandering mushroom
  2502 | D        | Noticed a wandering mushroom
  2504 | D        | Noticed a wandering mushroom
  2510 | D        | Killed a wandering mushroom
  2517 | D        | Killed a wandering mushroom
  2522 | D        | Killed a wandering mushroom
  2528 | D        | Noticed a spiny frog
  2528 | D        | Noticed a komodo dragon
  2528 | D        | Noticed a spiny frog
  2534 | D        | Killed a spiny frog
  2534 | D        | Reached skill level 10 in Armour
  2542 | D        | Killed a komodo dragon
  2542 | D        | Received a gift from Trog
  2544 | D        | Killed a spiny frog
  2668 | D        | Noticed a swamp drake
  2668 | D        | Noticed a fire drake
  2674 | D        | Killed a swamp drake
  2679 | D        | Killed a fire drake
  2685 | D        | Noticed a blink frog
  2686 | D        | Noticed a blink frog
  2687 | D        | Noticed a blink frog
  2688 | D        | Noticed a blink frog
  2689 | D        | Noticed a blink frog
  2697 | D        | Killed a blink frog
  2698 | D        | Killed a blink frog
  2698 | D        | Received a gift from Trog
  2705 | D        | Killed a blink frog
  2705 | D        | Received a gift from Trog
  2712 | D        | Killed a blink frog
  2725 | D        | Killed a blink frog
  2741 | D        | Noticed an elephant
  2742 | D        | Noticed an elephant
  2742 | D        | Noticed a dire elephant
  2742 | D        | Noticed a dire elephant
  2750 | D        | Killed an elephant
  2755 | D        | Killed a dire elephant
  2761 | D        | Killed an elephant
  2765 | D        | Killed a dire elephant
  2773 | D        | Noticed Gastronok
  2779 | D        | Killed Gastronok
  2779 | D        | Received a gift from Trog
  2779 | D        | Reached skill level 15 in Armour
  2779 | D        | Reached XP level 12. HP: 38/80 MP: 12/12
  2780 | D        | Got a brightly glowing greatsling {god gift}
  2946 | D        | Noticed an azure jelly
  2946 | D        | Noticed an azure jelly
  2946 | D        | Noticed an azure jelly
  2947 | D        | Noticed an azure jelly
  2950 | D        | Noticed Rupert
  2962 | D        | Killed Rupert
  3024 | D        | Noticed a death yak
  3025 | D        | Noticed a blink frog
  3025 | D        | Noticed a death yak
  3025 | D        | Noticed a death yak
  3025 | D        | Noticed a blink frog
  3027 | D        | Killed a yaktaur
  3029 | D        | Noticed a death yak
  3033 | D        | Noticed a blink frog
  3036 | D        | Killed a death yak
  3044 | D        | Killed a death yak
  3051 | D        | Killed a death yak
  3060 | D        | Killed a death yak
  3063 | D        | Killed a blink frog
  3066 | D        | Killed a blink frog
  3121 | D        | Noticed a black mamba
  3122 | D        | Noticed a black mamba
  3127 | D        | Killed a blink frog
  3133 | D        | Killed a black mamba
  3133 | D        | Received a gift from Trog
  3140 | D        | Killed a black mamba
  3299 | D        | Noticed a redback
  3302 | D        | Killed a redback
  3304 | D        | Noticed a brain worm
  3310 | D        | Killed a brain worm
  3313 | D        | Noticed a brain worm
  3317 | D        | Killed a brain worm
  3317 | D        | Reached skill level 10 in Dodging
  3324 | D        | Noticed a lindwurm
  3329 | D        | Noticed a redback
  3333 | D        | Killed a lindwurm
  3333 | D        | Received a gift from Trog
  3336 | D        | Killed a redback
  3342 | D        | Noticed a redback
  3347 | D        | Killed a redback
  3478 | D        | Noticed Maud
  3497 | D        | Killed Maud
  3606 | D        | Noticed an electric eel
  3607 | D        | Noticed a seven-headed hydra
  3607 | D        | Noticed a six-headed hydra
  3612 | D        | Killed an electric eel
  3617 | D        | Killed a seven-headed hydra
  3617 | D        | Received a gift from Trog
  3620 | D        | Killed a six-headed hydra
  3821 | D        | Noticed a death drake
  3831 | D        | Killed a death drake
  3831 | D        | Reached XP level 13. HP: 88/91 MP: 13/13
  3849 | D        | Found a blossoming altar of Fedhas.
  3849 | D        | Noticed a spriggan
  3849 | D        | Noticed a spriggan druid
  3849 | D        | Noticed a spriggan
  3858 | D        | Killed a spriggan druid
  3864 | D        | Killed a spriggan
  3876 | D        | Killed a spriggan
  3908 | D        | Noticed a fire dragon simulacrum
  3908 | D        | Noticed a black mamba simulacrum
  3909 | D        | Noticed a fire dragon simulacrum
  3910 | D        | Noticed an eight-headed hydra simulacrum
  3910 | D        | Killed a black mamba simulacrum
  3913 | D        | Killed a fire dragon simulacrum
  3917 | D        | Killed a fire dragon simulacrum
  3918 | D        | Killed an eight-headed hydra simulacrum
  3918 | D        | Reached skill level 15 in Fighting
  4115 | D        | Noticed a fire dragon
  4116 | D        | Noticed a fire dragon
  4134 | D        | Killed a fire dragon
  4134 | D        | Received a gift from Trog
  4143 | D        | Killed a fire dragon
  4237 | D        | Noticed Xtahua
  4237 | D        | Noticed a fire dragon
  4285 | D        | Killed Xtahua
  4285 | D        | Received a gift from Trog
  4411 | D        | Killed a fire dragon
  4527 | D        | Found Qaemasoto's Gadget Shoppe.
  4527 | D        | Found Puomair's Distillery.
  4527 | D        | Found Hestruh's Antique Armour Emporium.
  4550 | D        | Bought a potion of heal wounds for 60 gold pieces
  4550 | D        | Bought a potion of resistance for 120 gold pieces
  4551 | D        | Bought a +1 rod of clouds (11/11) for 935 gold pieces
  4777 | D        | Got a decaying rune of Zot
  4868 | D        | Noticed a black mamba
  4871 | D        | Noticed a water moccasin
  4873 | D        | Noticed a black mamba
  4874 | D        | Killed a black mamba
  4874 | D        | Reached skill level 1 in Evocations
  4880 | D        | Killed a black mamba
  4885 | D        | Killed a water moccasin
  4886 | D        | Noticed a water moccasin
  4888 | D        | Noticed a black mamba
  4890 | D        | Noticed a water moccasin
  4892 | D        | Killed a water moccasin
  4901 | D        | Killed a black mamba
  4906 | D        | Killed a water moccasin
  4915 | D        | Noticed an anaconda
  4926 | D        | Killed an anaconda
  4926 | D        | Reached skill level 5 in Evocations
  4930 | D        | Noticed a black mamba
  4930 | D        | Noticed a black mamba
  4930 | D        | Noticed a black mamba
  4937 | D        | Killed a black mamba
  4941 | D        | Killed a black mamba
  4941 | D        | Received a gift from Trog
  4943 | D        | Killed a black mamba
  5131 | D        | Noticed an anaconda
  5136 | D        | Killed an anaconda
  5146 | D        | Noticed an anaconda
  5150 | D        | Killed an anaconda
  5155 | D        | Received a gift from Trog
  5158 | D        | Noticed a black mamba
  5161 | D        | Killed a black mamba
  5167 | D        | Noticed a naga
  5167 | D        | Noticed a naga
  5168 | D        | Noticed a naga warrior
  5168 | D        | Noticed a greater naga
  5189 | D        | Killed a naga
  5198 | D        | Killed a naga
  5285 | D        | Killed a greater naga
  5285 | D        | Reached skill level 10 in Evocations
  5317 | D        | Killed a naga warrior
  5317 | D        | Received a gift from Trog
  5420 | D        | Found Volisuax's Jewellery Shop.
  5420 | D        | Found Foesul's Food Shoppe.
  5424 | D        | Found Juatur's Antique Armour Boutique.
  5433 | D        | Noticed a guardian serpent
  5442 | D        | Killed a guardian serpent
  5450 | D        | Got a serpentine rune of Zot
  5462 | D        | Bought a glowing cloak for 112 gold pieces
  5582 | D        | Killed an azure jelly
  5589 | D        | Killed an azure jelly
  5597 | D        | Killed an azure jelly
  5597 | D        | Gained mutation: Your large and strong wings let you fly indefinitely. [Gargoyle growth]
  5597 | D        | Reached XP level 14. HP: 58/100 MP: 7/23
  5600 | D        | Killed an azure jelly
  5600 | D        | Received a gift from Trog
  5864 | D        | Noticed Sigmund
  5864 | D        | Noticed Edmund
  5880 | D        | Killed Edmund
  5884 | D        | Killed Sigmund
  5884 | D        | Reached skill level 15 in Evocations
  6064 | D        | Noticed an orc high priest
  6064 | D        | Noticed an orc priest
  6065 | D        | Noticed an orc priest
  6066 | D        | Noticed an orc priest
  6073 | D        | Killed an orc priest
  6075 | D        | Killed an orc priest
  6088 | D        | Killed an orc high priest
  6090 | D        | Killed an orc priest
  6206 | D        | Noticed a yaktaur captain
  6206 | D        | Noticed a yaktaur
  6206 | D        | Noticed a yaktaur
  6212 | D        | Noticed a yaktaur captain
  6214 | D        | Killed a yaktaur captain
  6444 | D        | Noticed a skeletal warrior
  6455 | D        | Killed a skeletal warrior
  6534 | D        | Killed a yaktaur
  6588 | D        | Killed a yaktaur
  6689 | D        | Killed a yaktaur captain
  6787 | D        | Noticed Azrael
  6793 | D        | Killed Azrael
  6793 | D        | Received a gift from Trog
  6832 | D        | Noticed an orange crystal statue
  6849 | D        | Killed an orange crystal statue
  6855 | D        | Noticed a spriggan defender
  6856 | D        | Noticed a spriggan defender
  6856 | D        | Noticed a spriggan defender
  6857 | D        | Noticed a spriggan defender
  6871 | D        | Killed a spriggan defender
  6875 | D        | Killed a spriggan defender
  6889 | D        | Killed a spriggan defender
  6897 | D        | Killed a spriggan defender
  6998 | D        | Noticed an anaconda
  7001 | D        | Killed an anaconda
  7006 | D        | Noticed a crystal guardian
  7006 | D        | Noticed a crystal guardian
  7006 | D        | Noticed a crystal guardian
  7006 | D        | Noticed a crystal guardian
  7016 | D        | Killed a crystal guardian
  7030 | D        | Killed a crystal guardian
  7047 | D        | Killed a crystal guardian
  7286 | D        | Found Piuq's Antique Armour Emporium.
  7286 | D        | Found Esmycvamp's Magic Scroll Shop.
  7286 | D        | Found Abladoup's Assorted Antiques.
  7286 | D        | Found Vahifyes's Food Boutique.
  7286 | D        | Found Gobb's Armour Emporium.
  7286 | D        | Found Ruezum's Distillery.
  7286 | D        | Found Aroalacs's Armour Emporium.
  7286 | D        | Found Xoen's Book Boutique.
  7287 | D        | Found Soil's Gadget Boutique.
  7287 | D        | Found Xomo's Gadget Shoppe.
  7287 | D        | Found Afoif's Jewellery Shop.
  7287 | D        | Found Iduzxinu's Antique Weapon Emporium.
  7340 | D        | Noticed a fire elementalist statue
  7340 | D        | Noticed an earth elementalist statue
  7341 | D        | Noticed a water elementalist statue
  7341 | D        | Noticed an air elementalist statue
  7346 | D        | Killed a water elementalist statue
  7353 | D        | Killed a fire elementalist statue
  7361 | D        | Killed an earth elementalist statue
  7393 | D        | HP: 5/100 [crystal guardian/crystal bolt (34)]
  7399 | D        | Killed a crystal guardian
  7682 | D        | Killed an air elementalist statue
  7690 | D        | Noticed a spectral iron dragon
  7690 | D        | Noticed a five-headed hydra simulacrum
  7692 | D        | Killed a five-headed hydra simulacrum
  7693 | D        | Noticed a spectral iron dragon
  7695 | D        | Noticed an anaconda zombie
  7700 | D        | Noticed an iron troll simulacrum
  7705 | D        | Killed a spectral iron dragon
  7715 | D        | Killed an anaconda zombie
  7718 | D        | Noticed Boris
  7729 | D        | Killed a spectral iron dragon
  7748 | D        | Killed an iron troll simulacrum
  7756 | D        | Killed Boris
  7972 | D        | Bought a scroll of blinking for 172 gold pieces
  8116 | D        | Noticed a stone giant skeleton
  8124 | D        | Killed a stone giant skeleton
  8293 | D        | Found Ujaskic's Gadget Emporium.
  8293 | D        | Found Asod Soesa's Food Shop.
  8293 | D        | Found Wystridwa's Armour Shop.
  8293 | D        | Found Ciaghy's Armour Shoppe.
  8293 | D        | Noticed an oklob plant
  8294 | D        | Noticed an oklob plant
  8302 | D        | Killed an oklob plant
  8635 | D        | Killed an oklob plant
  8646 | D        | Noticed an eight-headed hydra simulacrum
  8648 | D        | Killed an eight-headed hydra simulacrum
  8652 | D        | Noticed Mennas
  8678 | D        | Killed Mennas
  8678 | D        | Received a gift from Trog
  8678 | D        | Reached skill level 21 in Evocations
  8678 | D        | Reached XP level 15. HP: 77/105 MP: 27/29
  8853 | D        | Noticed a pristine statue
  8853 | D        | Noticed a pristine statue
  8854 | D        | Noticed a pristine statue
  8854 | D        | Noticed a pristine statue
  9220 | D        | Noticed a deep elf master archer
  9220 | D        | Noticed a deep elf demonologist
  9266 | D        | Noticed a deep elf annihilator
  9397 | D        | Killed a deep elf annihilator
  9490 | D        | Killed a deep elf high priest
  9493 | D        | Killed a deep elf conjurer
  9524 | D        | Killed a deep elf annihilator
  9526 | D        | Killed a deep elf death mage
  9734 | D        | Noticed an Ice Fiend
  9746 | D        | Killed an Ice Fiend
  9832 | D        | Killed a deep elf demonologist
  9832 | D        | Reached skill level 22 in Evocations
  9845 | D        | Killed a deep elf master archer
  9865 | D        | Identified the Compendium of the Compass
  9868 | D        | Identified a +5 rod of destruction (11/11) (You found it in the Dungeon)
  9984 | D        | Noticed Mara
  9985 | D        | Noticed a vampire knight
  9985 | D        | Noticed a molten gargoyle
  9985 | D        | Noticed a vampire knight
  9991 | D        | Killed a molten gargoyle
  9998 | D        | Paralysed by a vampire knight for 4 turns
  9999 | D        | Noticed patman's illusion
 10005 | D        | HP: 3/105 [vampire knight/great mace of distortion (26)]
 10005 | D        | Demolished by a vampire knight

Vault maps used:
D:        dungeon_sprint_mu

Action                   |  1- 3 |  4- 6 |  7- 9 | 10-12 | 13-15 || total
-------------------------+-------+-------+-------+-------+-------++-------
Melee: Mace              |    23 |    18 |    65 |       |       ||   106
       Great mace        |       |       |    20 |    56 |   362 ||   438
       Dire flail        |       |       |       |   329 |   120 ||   449
Invok: Berserk           |     2 |     3 |     4 |     1 |     3 ||    13
       Trog's Hand       |       |       |     1 |     1 |     5 ||     7
       Brothers in Arms  |       |       |       |     2 |    10 ||    12
 Abil: Fly               |       |       |       |       |     1 ||     1
Evoke: Wand              |       |       |     1 |       |     4 ||     5
       Rod               |       |       |       |       |     9 ||     9
       Lamp of fire      |       |       |       |       |     1 ||     1
  Use: Potion            |       |       |     1 |     1 |     5 ||     7
       Scroll            |       |       |       |     1 |    12 ||    13
 Stab: Distracted        |       |       |       |       |     1 ||     1
  Eat: Chunk             |       |     3 |     5 |     4 |     7 ||    19
       Royal jelly       |       |       |     1 |     1 |    11 ||    13
       Bread ration      |       |       |     1 |       |       ||     1
